SA
BELLEVUE BRUINS @ YORK REVOLUTION
08/01/2021
 
TOP OF THE 1ST
Bellevue Bruins batting - Pitching for York Revolution : RHP Paul Anderson
Pitching: RHP Paul Anderson
Batting: RHB Jorge Alderete 0-0: Ball
1-0: Ground out 6-3 (Groundball, 6)
Batting: RHB Nelson Abbey 0-0: Foul Ball, location: 2F
0-1: Called Strike
0-2: Ball
1-2: Foul Ball, location: 2F
1-2: Ball
2-2: Foul Ball, location: 2F
2-2: Ground out 5-3 (Groundball, 5S)
Batting: RHB José Carlos Pérez 0-0: Ball
1-0: Ball
2-0: Swinging Strike
2-1: Ball
3-1: Called Strike
3-2: Foul Ball, location: 2F
3-2: Strikes out looking
Top of the 1st over - 0 run(s), 0 hit(s), 0 error(s), 0 left on base; Bellevue 0 - York 0
BOTTOM OF THE 1ST
York Revolution batting - Pitching for Bellevue Bruins : LHP Rafael Rivera
Pitching: LHP Rafael Rivera
Batting: RHB Jerrel Woestenberg 0-0: Called Strike
0-1: Swinging Strike
0-2: Ball
1-2: Ball
2-2: SINGLE (Groundball, 56)
Batting: RHB Kelly Harris 0-0: Ball
1-0: Called Strike
1-1: Grounds into double play, 6-4-3 (Groundball, 6)
Batting: RHB Henry Cameron 0-0: Swinging Strike
0-1: Foul Ball, location: 2F
0-2: Ground out 3-1 (Groundball, 34)
Bottom of the 1st over - 0 run(s), 1 hit(s), 0 error(s), 0 left on base; Bellevue 0 - York 0
TOP OF THE 2ND
Bellevue Bruins batting - Pitching for York Revolution : RHP Paul Anderson
Batting: RHB Ronnie Cleveland 0-0: Ball
1-0: Foul Ball, location: 2F
1-1: Called Strike
1-2: Reached on error, E6 (Groundball, 6)
Batting: LHB Javier Sánchez 0-0: Ball
1-0: Ball
2-0: Grounds out, U3 (Groundball, 3L)
Batting: RHB Leo Shoemaker 0-0: Called Strike
0-1: Ball
1-1: Foul Ball, location: 2F
1-2: Strikes out swinging
Batting: RHB Mark Bishop 0-0: Ball
1-0: Called Strike
1-1: Foul Ball, location: 2F
1-2: Strikes out swinging
Top of the 2nd over - 0 run(s), 0 hit(s), 1 error(s), 1 left on base; Bellevue 0 - York 0
BOTTOM OF THE 2ND
York Revolution batting - Pitching for Bellevue Bruins : LHP Rafael Rivera
Batting: RHB José Paz 0-0: SINGLE (Groundball, 34D)
Batting: RHB Manny Cervantes 0-0: Called Strike
0-1: Foul Ball, location: 2F
0-2: Strikes out looking
Batting: RHB Arturo Read 0-0: Swinging Strike
0-1: Swinging Strike
0-2: SINGLE (Line Drive, 34D)
José Paz to second
Batting: SHB Bradley Rowe 0-0: Called Strike
0-1: Ground out 3-1 (Groundball, 34)
José Paz to third
Arturo Read to second
Batting: RHB Jaime López 0-0: SINGLE (Flyball, 9LS)
José Paz scores
Arturo Read to third
Batting: RHB Pedro Álvarez 0-0: Ball
1-0: Called Strike
1-1: Fielders Choice at 2nd, 6-4 (Groundball, 6)
Bottom of the 2nd over - 1 run(s), 3 hit(s), 0 error(s), 1 left on base; Bellevue 0 - York 1
TOP OF THE 3RD
Bellevue Bruins batting - Pitching for York Revolution : RHP Paul Anderson
Batting: RHB Jesús Vargas 0-0: Ball
1-0: Called Strike
1-1: Ground out 6-3 (Groundball, 6)
Batting: RHB Iván Vega 0-0: Ball
1-0: DOUBLE (Line Drive, 7LM)
Batting: RHB Jorge Alderete 0-0: SINGLE (Line Drive, 4D)
Iván Vega to third
Runner from 3rd tries for Home, SAFE, no throw or cutoff
Batting: RHB Nelson Abbey 0-0: SINGLE (Groundball, 56D)
Jorge Alderete to second
Batting: RHB José Carlos Pérez 0-0: Fly out, F8 (Flyball, 8LM)
Batting: RHB Ronnie Cleveland 0-0: Ball
1-0: Swinging Strike
1-1: Foul Ball, location: 2F
1-2: Strikes out swinging
Top of the 3rd over - 1 run(s), 3 hit(s), 0 error(s), 2 left on base; Bellevue 1 - York 1
BOTTOM OF THE 3RD
York Revolution batting - Pitching for Bellevue Bruins : LHP Rafael Rivera
Batting: RHB Jerrel Woestenberg 0-0: Foul Ball, location: 2F
0-1: Foul Ball, location: 2F
0-2: Foul Ball, location: 2F
0-2: Ground out 4-3 (Groundball, 4)
Batting: RHB Kelly Harris 0-0: Called Strike
0-1: Swinging Strike
0-2: Ball
1-2: Foul Ball, location: 2F
1-2: Ball
2-2: Strikes out swinging
Batting: RHB Henry Cameron 0-0: Ground out 5-3 (Groundball, 56)
Bottom of the 3rd over - 0 run(s), 0 hit(s), 0 error(s), 0 left on base; Bellevue 1 - York 1
TOP OF THE 4TH
Bellevue Bruins batting - Pitching for York Revolution : RHP Paul Anderson
Batting: LHB Javier Sánchez 0-0: Fly out, F9 (Flyball, 9LM)
Batting: RHB Leo Shoemaker 0-0: Ball
1-0: Ball
2-0: Ball
3-0: Called Strike
3-1: Foul Ball, location: 2F
3-2: DOUBLE (Flyball, 7LD)
Batting: RHB Mark Bishop 0-0: Ball
1-0: Called Strike
1-1: Ground out 5-3 (Groundball, 5S)
Leo Shoemaker to third
Batting: RHB Jesús Vargas 0-0: Ball
1-0: Swinging Strike
1-1: Reached on error, E1 (Groundball, 15)
Leo Shoemaker scores
Batting: RHB Iván Vega 0-0: SINGLE (Groundball, 6M)
Jesús Vargas to second
Runner from 2nd tries for 3rd, SAFE, throw made to third
Batting: RHB Jorge Alderete 0-0: Ball
1-0: Swinging Strike
1-1: Foul Ball, location: 2F
1-2: Ball
2-2: Strikes out swinging
Top of the 4th over - 1 run(s), 2 hit(s), 1 error(s), 2 left on base; Bellevue 2 - York 1
BOTTOM OF THE 4TH
York Revolution batting - Pitching for Bellevue Bruins : LHP Rafael Rivera
Batting: RHB José Paz 0-0: Foul Ball, location: 2F
0-1: Ball
1-1: Swinging Strike
1-2: Strikes out swinging
Batting: RHB Manny Cervantes 0-0: Called Strike
0-1: Foul Ball, location: 2F
0-2: Foul Ball, location: 2F
0-2: Strikes out swinging
Batting: RHB Arturo Read 0-0: Ball
1-0: Ball
2-0: Swinging Strike
2-1: DOUBLE (Line Drive, 9LS)
Batting: SHB Bradley Rowe 0-0: Foul Ball, location: 2F
0-1: Ball
1-1: Ball
2-1: Foul Ball, location: 2F
2-2: Foul Ball, location: 2F
2-2: Ball
3-2: Base on Balls
Batting: RHB Jaime López 0-0: SINGLE (Groundball, 3S)
Arturo Read to third
Bradley Rowe to second
Runner from 3rd tries for Home, SAFE, throw made home
Batting: RHB Pedro Álvarez 0-0: Called Strike
0-1: Ball
1-1: Fielders Choice at 2nd, 6-4 (Groundball, 6)
Bottom of the 4th over - 1 run(s), 2 hit(s), 0 error(s), 1 left on base; Bellevue 2 - York 2
TOP OF THE 5TH
Bellevue Bruins batting - Pitching for York Revolution : RHP Paul Anderson
Batting: RHB Nelson Abbey 0-0: Foul Ball, location: 2F
0-1: Swinging Strike
0-2: Fly out, F8 (Line Drive, 8LS)
Batting: RHB José Carlos Pérez 0-0: Ball
1-0: SINGLE (Groundball, 34D)
Batting: RHB Ronnie Cleveland 0-0: Ball
1-0: Ball
2-0: Foul Ball, location: 2F
2-1: Fly out, F8 (Flyball, 8RD)
Batting: LHB Javier Sánchez 0-0: Foul Ball, location: 2F
0-1: Ball
1-1: Ball
2-1: Ball
3-1: Foul Ball, location: 2F
3-2: Ground out 3-1 (Groundball, 34)
Top of the 5th over - 0 run(s), 1 hit(s), 0 error(s), 1 left on base; Bellevue 2 - York 2
BOTTOM OF THE 5TH
York Revolution batting - Pitching for Bellevue Bruins : LHP Rafael Rivera
Batting: RHB Jerrel Woestenberg 0-0: Fly out, F8 (Flyball, 8RM)
Batting: RHB Kelly Harris 0-0: Ball
1-0: Ball
2-0: SINGLE (Groundball, 34) (infield hit)
Batting: RHB Henry Cameron 0-0: Called Strike
0-1: SINGLE (Groundball, 56D)
Kelly Harris to second
Batting: RHB José Paz 0-0: Called Strike
0-1: Ball
1-1: Ball
2-1: Ball
3-1: Base on Balls
Kelly Harris to third
Henry Cameron to second
Batting: RHB Manny Cervantes 0-0: Called Strike
0-1: Ball
1-1: Swinging Strike
1-2: Ball
2-2: Ball
3-2: Base on Balls
Kelly Harris scores
Henry Cameron to third
José Paz to second
Batting: RHB Arturo Read 0-0: Ball
1-0: Swinging Strike
1-1: Fly out, F8 (Flyball, 8RS)
Batting: SHB Bradley Rowe 0-0: Foul Ball, location: 2F
0-1: Ball
1-1: Fly out, F9 (Flyball, 9LM)
Bottom of the 5th over - 1 run(s), 2 hit(s), 0 error(s), 3 left on base; Bellevue 2 - York 3
TOP OF THE 6TH
Bellevue Bruins batting - Pitching for York Revolution : RHP Paul Anderson
Batting: RHB Leo Shoemaker 0-0: Called Strike
0-1: Foul Ball, location: 2F
0-2: Strikes out swinging
Batting: RHB Mark Bishop 0-0: Ball
1-0: Swinging Strike
1-1: Foul Ball, location: 2F
1-2: Ground out 4-3 (Groundball, 4)
Batting: RHB Jesús Vargas 0-0: Ball
1-0: Ball
2-0: Foul Ball, location: 2F
2-1: Ball
3-1: SINGLE (Groundball, 6MD)
Batting: RHB Iván Vega 0-0: Ball
1-0: Called Strike
1-1: Called Strike
1-2: Fly out, F7 (Flyball, 7M)
Top of the 6th over - 0 run(s), 1 hit(s), 0 error(s), 1 left on base; Bellevue 2 - York 3
BOTTOM OF THE 6TH
York Revolution batting - Pitching for Bellevue Bruins : LHP Rafael Rivera
Batting: RHB Jaime López 0-0: Swinging Strike
0-1: Ball
1-1: Foul Ball, location: 2F
1-2: Fly out, F7 (Flyball, 78M)
Batting: RHB Pedro Álvarez 0-0: Ground out 5-3 (Groundball, 5L)
Batting: RHB Jerrel Woestenberg 0-0: Called Strike
0-1: Called Strike
0-2: Ground out 6-3 (Groundball, 6)
Bottom of the 6th over - 0 run(s), 0 hit(s), 0 error(s), 0 left on base; Bellevue 2 - York 3
TOP OF THE 7TH
Bellevue Bruins batting - Pitching for York Revolution : RHP Paul Anderson
Batting: RHB Jorge Alderete 0-0: Ball
1-0: Ball
2-0: Foul Ball, location: 2F
2-1: Swinging Strike
2-2: Ball
3-2: Ground out 6-3 (Groundball, 6M)
Batting: RHB Nelson Abbey 0-0: Ball
1-0: Ground out 6-3 (Groundball, 6)
Batting: RHB José Carlos Pérez 0-0: Ball
1-0: Called Strike
1-1: DOUBLE (Line Drive, 7LM)
Pinch Hitting: LHB Jim Unknown 0-0: Ball
1-0: Foul Ball, location: 2F
1-1: Ball
2-1: Ball
3-1: Base on Balls
Batting: LHB Javier Sánchez 0-0: Ball
1-0: Called Strike
1-1: SINGLE (Line Drive, 9S)
José Carlos Pérez to third
Jim Unknown to second
Batting: RHB Leo Shoemaker 0-0: Called Strike
0-1: Ball
1-1: Swinging Strike
1-2: Ball
2-2: SINGLE (Groundball, 5L)
José Carlos Pérez scores
Jim Unknown to third
Javier Sánchez to second
Runner from 3rd tries for Home, SAFE, no throw or cutoff
Pinch Hitting: RHB Bert Motevassel 0-0: Called Strike
0-1: Ball
1-1: Ball
2-1: Ball
3-1: Fly out, F3 (Popup, 4)
Top of the 7th over - 2 run(s), 3 hit(s), 0 error(s), 2 left on base; Bellevue 4 - York 3
BOTTOM OF THE 7TH
York Revolution batting - Pitching for Bellevue Bruins : LHP Rafael Rivera
Now at 2B: Jim Unknown
Now at 3B: Ernesto Valenzuela
Batting: RHB Kelly Harris 0-0: Ball
1-0: Called Strike
1-1: Ball
2-1: Swinging Strike
2-2: Ball
3-2: Foul Ball, location: 2F
3-2: Base on Balls
Batting: RHB Henry Cameron 0-0: Called Strike
0-1: Called Strike
0-2: Ball
1-2: Foul Ball, location: 2F
1-2: DOUBLE (Groundball, 5L)
Kelly Harris to third
Pinch Hitting: RHB Jim Unknown 0-0: Swinging Strike
0-1: Foul Ball, location: 2F
0-2: Strikes out swinging
Pinch Hitting: RHB Jim Unknown 0-0: Foul Ball, location: 2F
0-1: Swinging Strike
0-2: Ground out 6-3 (Groundball, 6M)
Batting: RHB Arturo Read 0-0: Called Strike
0-1: Swinging Strike
0-2: Ball
1-2: Strikes out swinging
Bottom of the 7th over - 0 run(s), 1 hit(s), 0 error(s), 2 left on base; Bellevue 4 - York 3
TOP OF THE 8TH
Bellevue Bruins batting - Pitching for York Revolution : RHP Paul Anderson
Now at 3B: Jim Unknown
Now in RF: Jim Unknown
Batting: RHB Jesús Vargas 0-0: Ball
1-0: Ball
2-0: Ball
3-0: Base on Balls
Pitching: RHP Chi-hun O
Batting: RHB Iván Vega 0-0: Ball
Jesús Vargas steals 2nd base
1-0: Intentional Walk
Batting: RHB Jorge Alderete 0-0: Ball
1-0: Ball
2-0: Bunted foul
2-1: Sac Bunt - play at first, batter OUT! 1-4
Jesús Vargas to third
Iván Vega to second
Pinch Hitting: RHB Jim Unknown 0-0: Ball
1-0: Foul Ball, location: 2F
1-1: Swinging Strike
1-2: Foul Ball, location: 2F
1-2: Foul Ball, location: 2F
1-2: Ball
2-2: Strikes out looking
Batting: RHB José Carlos Pérez 0-0: Ball
1-0: Called Strike
1-1: Ball
2-1: Swinging Strike
2-2: Strikes out swinging
Top of the 8th over - 0 run(s), 0 hit(s), 0 error(s), 2 left on base; Bellevue 4 - York 3
BOTTOM OF THE 8TH
York Revolution batting - Pitching for Bellevue Bruins : LHP Rafael Rivera
Now at C: Jim Unknown
Now in RF: Edgar González
Batting: SHB Bradley Rowe 0-0: Ball
1-0: Called Strike
1-1: Foul Ball, location: 2F
1-2: Ball
2-2: Ground out 6-3 (Groundball, 56S)
Batting: RHB Jaime López 0-0: Called Strike
0-1: Ball
1-1: Fly out, F3 (Line Drive, 3)
Batting: RHB Pedro Álvarez 0-0: Called Strike
0-1: Foul Ball, location: 2F
0-2: Ground out 6-3 (Groundball, 6)
Bottom of the 8th over - 0 run(s), 0 hit(s), 0 error(s), 0 left on base; Bellevue 4 - York 3
TOP OF THE 9TH
Bellevue Bruins batting - Pitching for York Revolution : RHP Chi-hun O
Batting: SHB Ernesto Valenzuela 0-0: Ball
1-0: SINGLE (Flyball, 8RS)
Batting: LHB Javier Sánchez 0-0: Grounds into double play, 4-6-3 (Groundball, 4)
Batting: RHB Leo Shoemaker 0-0: Ball
1-0: Called Strike
1-1: Ball
2-1: Fly out, F7 (Line Drive, 7LM)
Top of the 9th over - 0 run(s), 1 hit(s), 0 error(s), 0 left on base; Bellevue 4 - York 3
BOTTOM OF THE 9TH
York Revolution batting - Pitching for Bellevue Bruins : LHP Rafael Rivera
Now at 1B: Jesús Rodríguez
Batting: RHB Jerrel Woestenberg 0-0: Ball
1-0: Ball
2-0: Called Strike
2-1: Called Strike
2-2: Foul Ball, location: 2F
2-2: Ball
3-2: Base on Balls
Pitching: RHP Ismael Barrios
Batting: RHB Kelly Harris 0-0: Bunted foul
0-1: Sac Bunt - play at second, runner safe!
Pinch Hitting: LHB Mike Cook 0-0: Ball
Passed Ball!
Jerrel Woestenberg to third
Kelly Harris to second
1-0: Called Strike
1-1: Ball
2-1: Called Strike
2-2: Foul Ball, location: 2F
2-2: Ball
3-2: Foul Ball, location: 2F
3-2: Fly out, F2 (Popup, 2LF)
Batting: RHB Jim Unknown 0-0: Swinging Strike
0-1: Ball
1-1: SINGLE (Groundball, 34D)
Jerrel Woestenberg scores
Kelly Harris to third
Pinch Hitting: LHB Ubbe van Antwerpen 0-0: Ball
1-0: Ball
2-0: Fielders Choice attempt at home, Runner SAFE. 4-2 (Groundball, 4M)
This league is powered by Out of the Park Baseball, the baseball management simulation game for PC, Mac and Linux
Friday, January 22nd, 2016 - OOTP Baseball 16.9 Build 39